 Dungeon Crawl Stone Soup version 0.29-a0-397-g846e4a0bbc (webtiles) character file.

Game seed: 17629835504884442170

2132 Bruhh the Basher (level 9, -3/51 HPs)
             Began as a Gargoyle Monk on May 11, 2022.
             Was a Believer of Uskayaw.
             Slain by a human
             ... wielding a +0 war axe
              (9 damage)
             ... in a bailey.
             The game lasted 00:17:24 (9444 turns).

Bruhh the Basher (Gargoyle Monk)                    Turns: 9444, Time: 00:17:25

Health: -3/51      AC:  9    Str: 23    XL:     9   Next: 30%
Magic:  2/15       EV: 12    Int: 11    God:    Uskayaw [**....]
Gold:   267        SH:  0    Dex: 15    Spells: 8/8 levels left

rFire   + + .      SeeInvis +   z - +6 mace of the Assorted Dreams {vorpal, rElec rF+}
rCold   . . .      Faith    .   (no shield)
rNeg    + . .      Spirit   .   B - +1 leather armour "Soep Iti" {*Corrode rF+ Str+4 Dex+3}
rPois   ∞          Reflect  .   m - +0 helmet
rElec   +          Harm     .   p - +0 cloak
rCorr   .          Rampage  .   v - +0 pair of gloves
Will    .....                   (no boots)
Stlth   ++........              (no amulet)
HPRegen 0.17/turn               e - ring of see invisible
MPRegen 0.14/turn               (no ring)

@: corroded
A: sickness immunity, AC +6, negative energy resistance 1, electricity
resistance, torment resistance 1, petrification resistance
a: Renounce Religion, Stomp, Line Pass


You were in a bailey.
You worshipped Uskayaw.
Uskayaw was aware of your devotion.
You visited 2 branches of the dungeon, and saw 8 of its levels.
You also visited: Bailey.

You collected 267 gold pieces.

Inventory:

Hand Weapons
 a - a +0 mace
 l - a +2 club
 n - a +0 morningstar
 z - the +6 mace of the Assorted Dreams (weapon) {vorpal, rElec rF+}
   (You found it on level 4 of the Dungeon)

   It inflicts extra damage upon your enemies.
   rF:        It protects you from fire.
   rElec:     It insulates you from electricity.
Missiles
 y - 17 poisoned darts (quivered)
 F - 2 boomerangs
Armour
 b - a +0 robe
 k - a +0 leather armour
 m - a +0 helmet (worn)
 p - a +0 cloak (worn)
 v - a +0 pair of gloves (worn)
 B - the +1 leather armour "Soep Iti" (worn) {*Corrode rF+ Str+4 Dex+3}
   (You found it on level 6 of the Dungeon)

   Str:       It affects your strength (+4).
   Dex:       It affects your dexterity (+3).
   rF:        It protects you from fire.
   *Corrode:  It may corrode you when you take damage.
Jewellery
 e - a ring of see invisible (left hand)
 A - a ring of flight
Wands
 j - a wand of digging (5)
 C - a wand of iceblast (5)
Scrolls
 c - a scroll of fog {unknown}
 d - 3 scrolls of identify {unknown}
 f - 2 scrolls of amnesia {unknown}
 g - 4 scrolls of blinking {unknown}
 h - 3 scrolls of magic mapping {unknown}
 q - 2 scrolls of vulnerability {unknown}
 r - a scroll of immolation {unknown}
 s - 3 scrolls of poison {unknown}
 u - 3 scrolls of teleportation {unknown}
 w - 2 scrolls of fear {unknown}
Potions
 i - 2 potions of lignification {unknown}
 o - a potion of flight {unknown}
 t - a potion of brilliance
 x - 3 potions of curing
 D - 2 potions of magic {unknown}
 E - a potion of heal wounds
 G - a potion of haste
 H - a potion of invisibility {unknown}
 I - a potion of cancellation {unknown}


   Skills:
 - Level 3.2 Fighting
 - Level 10.0 Maces & Flails
 - Level 2.4 Dodging
 - Level 2.1 Stealth
 + Level 8.0 Invocations


You had 8 spell levels left.
You didn't know any spells.
Your spell library contained the following spells:

 Spells                   Type           Power      Damage    Failure   Level
 Wereblood                Tmut           0%         N/A       52%         2
 Petrify                  Tmut/Erth      0%         N/A       99%         4
 Irradiate                Conj/Tmut      0%         3d13      100%        5
 Metabolic Englaciation   Hex/Ice        0%         N/A       100%        5
 Summon Hydra             Summ           0%         N/A       100%        7
 Sublimation of Blood     Necr           Unusable   N/A       N/A         2
 Statue Form              Tmut/Erth      Unusable   N/A       N/A         6

Dungeon Overview and Level Annotations

Branches:
Dungeon (7/15)             Temple (1/1) D:5          Bailey (1/1)

Altars:
Cheibriados
Dithmenos
Fedhas
Gozag
Hepliaklqana
Kikubaaqudgha
Makhleb
Nemelex Xobeh
Okawaru
Qazlal
Ru
Sif Muna
Trog
Uskayaw
Wu Jian
Xom
Yredelemnul
Zin
The Shining One

Shops:
D:1 ?   D:6 *

Annotations:
D:4 3 runed translucent doors, Bruhh's ghost, amateur HOMo


Innate Abilities, Weirdness & Mutations

You are immune to sickness and miasma.
Your stone body is resilient. (AC +6)
You are immune to poison.
You resist negative energy. (rN+)
You are resistant to electric shocks. (rElec)
You are resistant to unholy torment.
You are immune to petrification.


Message History

The human hits you with a +2 vorpal hand axe.
You stomp with the beat, sending a shockwave through the revellers around you!
The human is almost dead.
You kill the gnoll!
The human closely misses you.
Uskayaw will force your foes to helplessly watch your dance.
Unknown command.
You are too injured to fight recklessly!
You are too injured to fight recklessly!
You hit the human but do no damage.
The human is almost dead.
The human hits you with a +2 vorpal hand axe.
* * * LOW HITPOINT WARNING * * *
The human hits you with a +0 war axe!
* * * LOW HITPOINT WARNING * * *
Really renounce your faith, foregoing its fabulous benefits?
Okay, then.
You feel much better. The human misses you.
The human hits you with a +0 war axe.
* * * LOW HITPOINT WARNING * * *
You stomp with the beat, sending a shockwave through the revellers around you!
You kill the human!
The human is moderately wounded.
The human closely misses you.
Uskayaw will force your foes to helplessly watch your dance.
Your Invocations skill increases to level 8!
Unknown command.
You stomp with the beat, sending a shockwave through the revellers around you!
The human is moderately wounded.
The human is severely wounded.
The human hits you but does no damage. The human hits you with a +0 war axe.
* * * LOW HITPOINT WARNING * * *
Uskayaw will force your foes to helplessly watch your dance.
Unknown command.
You stomp with the beat, sending a shockwave through the revellers around you!
The human is severely wounded. x2
The human hits you with a +0 war axe.
* * * LOW HITPOINT WARNING * * *
The human hits you with a +0 war axe!
You die...

### #.. #..##
#+##
#...##≈≈≈##
#...#≈≈≈≈≈#
##...#≈≈≈≈≈#
#.ppp#††≈≈≈#
......#@#'#≈≈##
#....##...####
#### #.....#
#.∩.∩.# #.....#
##...## #####


You could see 3 humans.

Vanquished Creatures
  2 humans (Bailey)
  A black bear (D:4)
  An ice beast (D:5)
  An ogre (D:4)
  3 phantoms
  A kobold brigand (D:7)
  5 bullfrogs
  A gnoll sergeant (D:6)
  2 scorpions
  3 wights (D:6)
  A howler monkey (D:5)
  A gnoll shaman (Temple)
  3 hounds
  An orc priest (D:3)
  4 iguanas
  2 orc wizards (D:4)
  A hound zombie (D:4)
  Robin (D:3)
  11 gnolls
  6 adders
  A shadow imp (D:7)
  2 white imps
  3 ufetubi
  A worm (D:2)
  3 dart slugs
  5 orcs
  8 ball pythons
  5 endoplasms
  2 giant cockroaches
  16 goblins
  11 hobgoblins
  4 jackals
  3 quokkas
  4 bats
  A frilled lizard (D:3)
  10 kobolds
  A quokka zombie (D:4)
  10 rats
141 creatures vanquished.

Vanquished Creatures (others)
  A jackal (D:3)
1 creature vanquished.

Grand Total: 142 creatures vanquished

Notes
Turn   | Place    | Note
-------+----------+-------------------------------------------
     0 | D:1      | Bruhh the Gargoyle Monk began the quest for the Orb.
     0 | D:1      | Reached XP level 1. HP: 14/14 MP: 1/1
   157 | D:1      | Reached XP level 2. HP: 14/19 MP: 2/2
   667 | D:1      | Found Hasuhiath's Magic Scroll Boutique.
   838 | D:1      | Reached skill level 4 in Maces & Flails
  1118 | D:1      | Reached XP level 3. HP: 17/23 MP: 3/3
  1608 | D:2      | You fall into a shaft and drop 1 floor!
  1635 | D:3      | HP: 1/23 [gnoll/+0 club (2)]
  1641 | D:3      | Reached XP level 4. HP: 2/28 MP: 4/4
  1981 | D:3      | Noticed Robin
  1994 | D:3      | Reached skill level 5 in Maces & Flails
  2745 | D:3      | Killed Robin
  3445 | D:4      | Reached XP level 5. HP: 26/32 MP: 5/5
  3518 | D:2      | Reached skill level 6 in Maces & Flails
  3981 | D:4      | Reached XP level 6. HP: 28/37 MP: 6/6
  5337 | D:4      | Reached skill level 7 in Maces & Flails
  5431 | D:4      | Identified the +6 mace of the Assorted Dreams {vorpal,
                  | rElec rF+}
  5499 | D:4      | Found a blossoming altar of Fedhas.
  5569 | D:4      | Found a shimmering blue altar of Sif Muna.
  5569 | D:4      | Noticed a black bear
  5577 | D:4      | Killed a black bear
  5578 | D:4      | Reached XP level 7. HP: 13/41 MP: 7/7
  5915 | D:4      | Found a runed translucent gate.
  5915 | D:4      | Found a runed translucent gate.
  5915 | D:4      | Found a runed translucent gate.
  5915 | D:4      | Noticed Bruhh's ghost (amateur HOMo)
  5918 | D:4      | Found a basalt altar of Yredelemnul.
  5986 | D:5      | Entered Level 5 of the Dungeon
  6019 | D:5      | Reached skill level 8 in Maces & Flails
  6285 | D:5      | Found a stormy altar of Qazlal.
  6307 | D:5      | Found a staircase to the Ecumenical Temple.
  6359 | Temple   | Entered the Ecumenical Temple
  6487 | Temple   | Became a worshipper of Uskayaw the Reveller
  6487 | Temple   | Reached * piety under Uskayaw
  6504 | D:5      | Reached ** piety under Uskayaw
  6520 | D:5      | Reached *** piety under Uskayaw
  6521 | D:5      | Reached skill level 9 in Maces & Flails
  6521 | D:5      | Reached skill level 1 in Invocations
  6584 | Temple   | Reached XP level 8. HP: 17/46 MP: 9/9
  7422 | D:6      | Found Anidwoy's Neck Hole.
  8200 | D:6      | Identified the +1 leather armour "Soep Iti" {*Corrode rF+
                  | Str+4 Dex+3}
  8440 | D:6      | Reached **** piety under Uskayaw
  9155 | D:7      | Reached skill level 5 in Invocations
  9190 | D:7      | Found an iron altar of Okawaru.
  9206 | D:7      | Reached skill level 10 in Maces & Flails
  9354 | D:7      | Found a flagged portal.
  9395 | Bailey   | Entered a bailey
  9403 | Bailey   | Reached XP level 9. HP: 50/51 MP: 13/13
  9408 | Bailey   | Reached ***** piety under Uskayaw
  9444 | Bailey   | Slain by a human

Illustrated notes

Levels and vault maps discovered:
D:1:      scummos_arrival_gate, layout_basic, serial_shops, shop, nrook_campfire
D:2:      layout_rooms, minmay_misc_feat_tiny
D:3:      layout_loops_ring, uniq_robin
D:4:      layout_cave_pools, nicolae_yredelemnul_ghost_church, fedhas_altar_2,
          lemuel_round_altar
D:5:      layout_cave_pools, grunt_qazlal_sundering, minmay_temple_entry_ruins
D:6:      layout_basic, nicolae_ossuary_entry_plus,
          nicolae_shop_sticking_my_neck_out
D:7:      layout_gridville, okawaru_ov_weapons_minmay,
          lemuel_coloured_pillars_altar, enter_bailey_5,
          minmay_misc_feat_hallway, chequers_arboretum, kennysheep_nub,
          lightli_corner_chamber
Temple:   zaba_magenta_temple
Bailey:   bailey_axe_froggy_fort_hellmonk, bailey

Skill      XL: |  1  2  3  4  5  6  7  8  9 |
---------------+----------------------------+-----
Maces & Flails | 4 5 6 7 9 10 | 10.0
Invocations    | 2 6 8 |  8.0
Fighting       | |  3.2
Dodging        | |  2.4
Stealth        | |  2.1

Action                   |  1- 3 |  4- 6 |  7- 9 || total
-------------------------+-------+-------+-------++-------
Melee: Mace              |   127 |    52 |   181 ||   360
       Punch             |     1 |     2 |     1 ||     4
       Morningstar       |       |    77 |       ||    77
       Club              |       |     3 |       ||     3
Throw: Dart              |       |     4 |       ||     4
Invok: Stomp             |       |       |     7 ||     7
Evoke: Wand              |       |     1 |       ||     1
  Use: Potion            |     4 |     2 |     4 ||    10
 Stab: Sleeping          |     2 |     2 |     2 ||     6
       Distracted        |     1 |     1 |       ||     2
       Paralysed         |       |       |     7 ||     7
Armor: Robe              |    24 |       |       ||    24
       Leather armour    |    20 |    94 |    86 ||   200
Dodge: Dodged            |    94 |   140 |   130 ||   364

Table legend: (Time is in decaauts)
 A = Elapsed time spent in this place.
 B = Non-inter-level travel time spent in this place.
 C = Inter-level travel time spent in this place.
 D = Time resting spent in this place.
 E = Time spent auto-exploring this place.
 F = Levels seen in this place.
 G = Mean time per level.
                   A        B        C        D        E       F      G
               +--------+--------+--------+--------+--------+-----+--------+
         Total |   9499 |   9120 |    379 |   2526 |   5228 |   9 | 1055.4 |
       Dungeon |   8864 |   8485 |    379 |   2091 |   5164 |   7 | 1266.3 |
        Temple |    588 |    588 |      0 |    435 |     49 |   1 |  588.0 |
        Bailey |     47 |     47 |      0 |      0 |     15 |   1 |   47.0 |
               +--------+--------+--------+--------+--------+-----+--------+

Top non-repeatable levels by time:
     D:3: 2196 daAuts
     D:4: 1681 daAuts
     D:5: 1410 daAuts
     D:1: 1299 daAuts
     D:6: 1146 daAuts
     D:2: 886 daAuts
  Temple: 588 daAuts
     D:7: 244 daAuts
  Bailey: 47 daAuts
